 Dungeon Crawl Stone Soup version 0.18-a0-1764-gf4ddf0b (webtiles) character file.

42647 zxpr0jk the Frost Mage (level 13, -2/107 HPs)
             Began as a Grey Draconian Ice Elementalist on Apr 14, 2016.
             Was the Champion of Cheibriados.
             Slain by a manticore (11 damage)
             ... summoned by Kirke
             ... on level 6 of the Lair of Beasts.
             The game lasted 01:14:33 (16978 turns).

zxpr0jk the Frost Mage (DrIE)                      Turns: 16978, Time: 01:14:36

Health: -2/107     AC:  9    Str: 26    XL:     13   Next: 86%
Magic:  23/23      EV: 29    Int: 30    God:    Cheibriados [******]
Gold:   945        SH:  0    Dex: 32    Spells: 3 memorised, 16 levels left

rFire  . . .     SeeInvis .     (weapon currently unavailable)
rCold  . . .     Gourm    .     (armour unavailable)
rNeg   . . .     Faith    .     (shield currently unavailable)
rPois  .         Spirit   .     (helmet currently unavailable)
rElec  .         Dismiss  +     (cloak currently unavailable)
rCorr  .         Reflect  .     (gloves currently unavailable)
SustAt .         Harm     .     (boots currently unavailable)
MR     .....                    X - amulet of dismissal
Stlth  ++........               (ring currently unavailable)
                                (ring currently unavailable)

@: icy armour, about to teleport, pig-form, glowing, very slow, not resistant to
hostile enchantments, unstealthy
A: (walk through water), unfitting armour, (unbreathing), (cold-blooded), AC +13
a: Bend Time, Temporal Distortion, Slouch, Step From Time, Renounce Religion


You were on level 6 of the Lair of Beasts.
You worshipped Cheibriados.
Cheibriados was exalted by your worship.
You were not hungry.
You were a filthy swine.
You visited 3 branches of the dungeon, and saw 18 of its levels.

You collected 1015 gold pieces.
You spent 70 gold pieces at shops.

Inventory:

Hand Weapons
 R - a +2 long sword of holy wrath
 S - a +6 demon whip of draining (melded)
Armour
 k - a +2 pair of gloves (melded)
 o - a +2 cloak (melded)
 p - a +3 shield (melded)
 z - a +2 hat (melded)
Magical Staves
 q - an uncursed staff of wizardry
 B - an uncursed staff of cold
Rods
 m - a +4 rod of shadows (17/17)
   (You found it on level 2 of the Dungeon)
Jewellery
 d - a ring of wizardry (melded)
 i - an uncursed ring of sustain attributes
 u - an uncursed ring of protection from fire
 C - an uncursed ring of see invisible
 T - a ring of magical power (melded)
 X - an amulet of dismissal (around neck)
Wands
 e - a wand of disintegration (11/24)
 r - a wand of lightning (5/15)
 w - a wand of teleportation (3/9)
 x - a wand of acid (7/15)
 D - a wand of iceblast (8/15)
 F - a wand of lightning (4/15)
 H - a wand of confusion (4/48)
 L - a wand of paralysis (9/24)
 V - a wand of slowing (21/48)
Scrolls
 h - a scroll of immolation
 j - 6 scrolls of remove curse
 s - 5 scrolls of identify
 t - 4 scrolls of blinking
 y - 2 scrolls of fear
 E - 2 scrolls of teleportation
 G - a scroll of amnesia
 M - 4 scrolls of fog
 Q - a scroll of magic mapping
Potions
 c - 2 potions of brilliance
 f - 2 potions of magic
 n - a potion of cancellation
 v - 2 potions of flight {unknown}
 Y - a potion of curing
Books
 a - a book of Frost

   Spells                             Type                      Level
   a - Freeze                         Ice                          1
   b - Throw Frost                    Conjuration/Ice              2
   c - Ozocubu's Armour               Charms/Ice                   3
   d - Throw Icicle                   Conjuration/Ice              4
   e - Summon Ice Beast               Ice/Summoning                4
 I - a book of Power

   Spells                             Type                      Level
   a - Fulminant Prism                Conjuration/Hexes            4
   b - Iskenderun's Mystic Blast      Conjuration                  4
   c - Venom Bolt                     Conjuration/Poison           5
   d - Bolt of Magma                  Conjuration/Fire/Earth       5
   e - Iron Shot                      Conjuration/Earth            6
   f - Orb of Destruction             Conjuration                  7
   g - Spellforged Servitor           Conjuration/Summoning        7
 J - a book of Enchantments

   Spells                             Type                      Level
   a - Cause Fear                     Hexes                        4
   b - Yara's Violent Unravelling     Hexes/Transmutation          5
   c - Silence                        Hexes/Air                    5
   d - Deflect Missiles               Charms/Air                   6
   e - Haste                          Charms                       6
   f - Discord                        Hexes                        8
 K - a book of Flames

   Spells                             Type                      Level
   a - Flame Tongue                   Conjuration/Fire             1
   b - Throw Flame                    Conjuration/Fire             2
   c - Conjure Flame                  Conjuration/Fire             3
   d - Inner Flame                    Hexes/Fire                   3
   e - Sticky Flame                   Conjuration/Fire             4
   f - Fireball                       Conjuration/Fire             5
Comestibles
 b - 11 bread rations
 g - 43 fruits
 l - 13 meat rations
 O - 2 royal jellies
 U - 6 beef jerkies
 Z - 2 slices of pizza


   Skills:
 - Level 8.0 Fighting
 - Level 10.1 Dodging
 - Level 10.1 Stealth
 - Level 9.2 Shields
 - Level 7.3 Spellcasting
   Level 1.0 Conjurations
 + Level 2.0 Charms
 - Level 13.3 Ice Magic
 + Level 1.7 Air Magic
 - Level 1.5 Invocations


You had 16 spell levels left.
You knew the following spells:

 Your Spells              Type           Power        Failure   Level  Hunger
a - Freeze                Ice            ####         1%          1    None
b - Ozocubu's Armour      Chrm/Ice       ######..     1%          3    None
c - Deflect Missiles      Chrm/Air       ###.......   100%        6    ######.


Dungeon Overview and Level Annotations

Branches:
Dungeon (11/15)            Temple (1/1) D:6            Lair (6/8) D:11
 Shoals (0/4) Lair:6        Snake (0/4) Lair:3          Orc (0/2) D:10
  Slime: Lair:6-8

Altars:
Ashenzari
Cheibriados
Dithmenos
Elyvilon
Fedhas
Gozag
Kikubaaqudgha
Makhleb
Nemelex Xobeh
Okawaru
Pakellas
Qazlal
Ru
Sif Muna
Trog
Vehumet
Xom
Yredelemnul
Zin
The Shining One

Shops:
D:4 :*=!*   D:8 *

Annotations:
D:3 grandjackal's ghost, amateur DsWz
Lair:5 exclusion: oklob plant
Lair:6 Kirke


Innate Abilities, Weirdness & Mutations

((You can walk through water.))
((Your dull iron-grey scales are very hard (AC +13).))
Your body does not fit into most forms of armour.
((You can survive without breathing.))
((You are cold-blooded and may be slowed by cold attacks.))


Message History

Deactivating autopickup; reactivate with Ctrl-A.
You closely miss something. Something hits you!
* * * LOW HITPOINT WARNING * * *
The manticore bites you.
* * * LOW HITPOINT WARNING * * *
The manticore closely misses you. The manticore barely misses you.
Unknown command.
You miss something. Something hits you!
* * * LOW HITPOINT WARNING * * *
The manticore completely misses you. The manticore closely misses you.
The manticore claws you but does no damage.
Unknown command.
Read which item? (? for menu, Esc to quit)
As you read the scroll of teleportation, it crumbles to dust.
You feel strangely unstable. Something hits you.
* * * LOW HITPOINT WARNING * * *
Your amulet of dismissal vibrates suddenly!
The manticore bites you but does no damage.
The manticore closely misses you. The manticore claws you!
You die...

#.#.......#.#♣≈≈≈≈≈≈
................≈≈≈≈≈≈
....##............≈PP≈≈≈
.
.......$.....##.P≈≈≈≈≈≈
.
...#..........#.#≈≈≈≈≈.
Y.
....#............≈≈.≈..
Y.##..##
..#.#H.#.........
#.††..P#
##Y..##§........ ##.Y..#
##.Y###hH....#...
##...#####.Y##
###.....##.
..#'Y.P##.#.# ##
#####...
......##.#.+#PP. ....
....Y###..Y..... P..
...{Y.#P.Y...... ..
.......Y.........
.......+........+
..........≈.
......##........#
#.........≈≈


You could see a manticore.

Vanquished Creatures
  Gastronok (Lair:2)
  Maud (D:11)
  5 hydras
  A naga warrior (Lair:3)
  The ghost of mysterymachine the Grappler, a journeyman VSMo of Cheibriados (D:10)
  The ghost of jasper the Cruncher, a novice DsGl of Makhleb (D:8)
  2 unseen horrors (D:10)
  3 hill giants
  3 griffons (D:10)
  3 elephants (Lair:2)
  Joseph (D:7)
  3 black mambas
  7 spiny frogs
  A centaur skeleton (D:11)
  A rime drake (Lair:6)
  4 komodo dragons
  3 trolls
  A two-headed ogre (D:9)
  19 blink frogs
  2 spriggans
  Eustachio (D:4)
  A wyvern (Lair:5)
  27 yaks
  4 basilisks
  8 hippogriffs
  2 hungry ghosts
  3 hogs (Lair:6)
  Grum (D:11)
  Menkaure (D:7)
  A mottled dragon (D:11)
  7 nagas (Lair:3)
  9 water moccasins
  11 porcupines
  A swamp drake (D:10)
  5 orc warriors
  14 ice beasts
  2 wasps (D:11)
  3 phantoms
  4 sky beasts
  2 black bears
  2 eyes of draining (D:9)
  2 necrophages
  10 wolves
  An ogre (D:10)
  11 centaurs
  8 crocodiles
  2 big kobolds (D:9)
  16 giant frogs
  A gnoll sergeant (D:10)
  7 scorpions
  19 killer bees
  A wight (D:9)
  7 howler monkeys
  An electric eel (Lair:6)
  9 crimson imps
  A giant frog zombie (D:10)
  4 jellies
  A giant frog skeleton (D:11)
  5 hounds
  9 orc priests
  An orc wizard (D:8)
  7 iguanas
  10 worker ants
  A killer bee zombie (D:9)
  16 sheep
  2 hound zombies
  3 howler monkey zombies
  3 worker ant zombies
  12 gnolls
  9 adders
  A howler monkey skeleton (D:10)
  33 river rats
  A shadow imp (D:8)
  An ooze (D:3)
  2 adder skeletons
  A worm (D:7)
  A dart slug (D:2)
  5 giant geckos
  37 orcs
  2 ball pythons
  4 bats
  2 giant cockroaches
  9 goblins
  5 hobgoblins
  7 jackals
  2 quokkas
  5 giant newts
  19 kobolds
  6 rats
494 creatures vanquished.

Vanquished Creatures (collateral kills)
  Blork the orc (D:4)
  An iguana (D:4)
  2 oozes (D:4)
  A jackal (D:4)
5 creatures vanquished.

Vanquished Creatures (others)
  8 fungi
  23 plants
31 creatures vanquished.

Grand Total: 530 creatures vanquished

Notes
Turn   | Place    | Note
--------------------------------------------------------------
     0 | D:1      | zxpr0jk the Draconian Ice Elementalist began the quest for the Orb.
     0 | D:1      | Reached XP level 1. HP: 14/14 MP: 3/3
   252 | D:1      | Reached XP level 2. HP: 7/20 MP: 0/5
   884 | D:2      | Found a blossoming altar of Fedhas.
   979 | D:2      | Found a deep blue altar of Sif Muna.
  1151 | D:2      | Found a basalt altar of Yredelemnul.
  1158 | D:2      | Reached XP level 3. HP: 21/26 MP: 6/6
  1280 | D:2      | Learned a level 3 spell: Ozocubu's Armour
  1569 | D:3      | Reached skill level 4 in Ice Magic
  1649 | D:3      | Reached skill level 1 in Shields
  1965 | D:3      | Reached XP level 4. HP: 30/33 MP: 8/8
  1973 | D:3      | Identified a +0 rod of shadows (14/14) (You found it on level 2 of the Dungeon)
  2018 | D:3      | Noticed grandjackal's ghost (amateur DsWz)
  2087 | D:4      | Found Qodgh's General Store.
  2115 | D:4      | Found Tinnuf's Distillery.
  2119 | D:4      | Bought a potion of heal wounds for 70 gold pieces
  2242 | D:4      | Found Vuggi's Assorted Antiques.
  2443 | D:4      | Found Esoolu's Book Shoppe.
  2475 | D:4      | Found Pyaci's Jewellery Shoppe.
  2493 | D:4      | Noticed Blork the orc
  2499 | D:4      | Killed Blork the orc
  2499 | D:4      | Reached XP level 5. HP: 17/38 MP: 6/9
  2684 | D:4      | Noticed Eustachio
  2716 | D:4      | Killed Eustachio
  2716 | D:4      | Reached skill level 5 in Shields
  2716 | D:4      | Reached XP level 6. HP: 27/45 MP: 2/10
  3124 | D:5      | Entered Level 5 of the Dungeon
  3382 | D:5      | Found a shimmering altar of Xom.
  4039 | D:6      | Your scales start taking on a dull iron-grey colour.
  4039 | D:6      | Reached XP level 7. HP: 50/50 MP: 11/11
  4039 | D:6      | Gained mutation: You can survive without breathing. [Grey Draconian growth]
  4049 | D:6      | Found a staircase to the Ecumenical Temple.
  4297 | Temple   | Entered the Ecumenical Temple
  4615 | D:6      | Found an oddly glowing altar of Pakellas.
  4642 | D:6      | Found a shimmering altar of Xom.
  4852 | D:6      | Found a burning altar of Makhleb.
  4854 | D:6      | Found a stormy altar of Qazlal.
  4856 | D:6      | Found a sacrificial altar of Ru.
  4858 | D:6      | Found an ancient bone altar of Kikubaaqudgha.
  5023 | D:6      | Found an iron altar of Okawaru.
  5024 | D:6      | Found a bloodstained altar of Trog.
  5070 | D:7      | Noticed Menkaure
  5083 | D:7      | Found a snail-covered altar of Cheibriados.
  5096 | D:7      | Became a worshipper of Cheibriados the Contemplative
  5168 | D:7      | Reached XP level 8. HP: 54/57 MP: 12/12
  5226 | D:7      | Gained mutation: Your mind is acute. (Int +2) [mutagenic meat]
  5279 | D:7      | Killed Menkaure
  5344 | D:7      | Reached skill level 1 in Fighting
  5471 | D:7      | Reached * piety under Cheibriados
  5536 | D:7      | Found a glowing silver altar of Zin.
  5544 | D:7      | Noticed Joseph
  5562 | D:7      | Killed Joseph
  5562 | D:7      | Reached skill level 5 in Fighting
  5562 | D:7      | Reached skill level 5 in Spellcasting
  5562 | D:7      | Reached XP level 9. HP: 42/74 MP: 13/16
  5881 | D:8      | Noticed jasper's ghost (novice DsGl)
  5897 | D:8      | Killed jasper's ghost
  5993 | D:8      | Reached ** piety under Cheibriados
  6236 | D:8      | Found a shadowy altar of Dithmenos.
  6334 | D:8      | Found Eroh Leo's Assorted Antiques.
  6444 | D:8      | Found a sparkling altar of Nemelex Xobeh.
  6505 | D:8      | Reached XP level 10. HP: 80/88 MP: 12/20
  6931 | D:9      | Reached *** piety under Cheibriados
  6939 | D:9      | Reached skill level 5 in Dodging
  7707 | D:9      | Reached **** piety under Cheibriados
  7865 | D:10     | Entered Level 10 of the Dungeon
  7865 | D:10     | Noticed mysterymachine's ghost (journeyman VSMo)
  7883 | D:10     | Killed mysterymachine's ghost
  7977 | D:10     | Noticed a hill giant
  7990 | D:10     | Killed a hill giant
  7990 | D:10     | Reached XP level 11. HP: 23/94 MP: 14/21
  8338 | D:10     | Noticed an unseen horror
  8355 | D:10     | Killed an unseen horror
  8355 | D:10     | Reached skill level 5 in Ice Magic
  8438 | D:10     | Noticed a griffon
  8440 | D:10     | Noticed a griffon
  8465 | D:10     | Killed a griffon
  8465 | D:10     | Reached skill level 6 in Ice Magic
  8473 | D:10     | Killed a griffon
  8814 | D:10     | Noticed a hill giant
  8827 | D:10     | Killed a hill giant
  8827 | D:10     | Reached skill level 7 in Ice Magic
  8884 | D:10     | Noticed an unseen horror
  8922 | D:10     | Killed an unseen horror
  8922 | D:10     | Reached ***** piety under Cheibriados
  8927 | D:10     | Reached skill level 8 in Ice Magic
  9351 | D:10     | Found a staircase to the Orcish Mines.
  9521 | D:10     | Noticed a griffon
  9532 | D:10     | Killed a griffon
  9532 | D:10     | Reached skill level 9 in Ice Magic
  9773 | D:11     | Found a staircase to the Lair.
  9939 | D:11     | Reached skill level 10 in Ice Magic
  9959 | D:11     | Reached ****** piety under Cheibriados
  9999 | D:11     | Noticed a hill giant
 10009 | D:11     | Killed a hill giant
 10056 | D:11     | Found a frozen archway.
 10099 | D:11     | Noticed Maud
 10129 | D:11     | Killed Maud
 10129 | D:11     | Reached skill level 11 in Ice Magic
 10129 | D:11     | Reached XP level 12. HP: 35/101 MP: 22/22
 10887 | D:11     | Reached skill level 12 in Ice Magic
 10941 | D:11     | Noticed a six-headed hydra
 10958 | D:11     | Killed a six-headed hydra
 10981 | Lair:1   | Entered Level 1 of the Lair of Beasts
 10988 | Lair:1   | Noticed Grum
 11030 | D:11     | HP: 5/101 [porcupine (6)]
 11030 | D:11     | HP: 1/101 [blink frog (4)]
 11519 | D:11     | Killed Grum
 11627 | D:11     | Reached skill level 13 in Ice Magic
 12973 | Lair:2   | Noticed Gastronok
 13000 | Lair:2   | Killed Gastronok
 13219 | Lair:2   | Reached skill level 10 in Dodging
 13853 | Lair:3   | Noticed a naga warrior
 13875 | Lair:3   | Killed a naga warrior
 13875 | Lair:3   | Reached XP level 13. HP: 89/107 MP: 23/23
 13900 | Lair:3   | Found a staircase to the Snake Pit.
 13996 | Lair:3   | Reached skill level 5 in Stealth
 14966 | Lair:4   | Found an opulent altar of Gozag.
 14989 | Lair:4   | Learned a level 6 spell: Deflect Missiles
 14989 | Lair:4   | Gained mutation: You evolve. [potion of mutation]
 14989 | Lair:4   | Gained mutation: Your spells are a little easier to cast, but a little less powerful. [potion of mutation]
 14989 | Lair:4   | Gained mutation: You tend to lose your temper in combat. [potion of mutation]
 14990 | Lair:4   | Gained mutation: Your tail ends in a poisonous barb. [potion of beneficial mutation]
 14991 | Lair:4   | Lost mutation: You evolve. [potion of cure mutation]
 14991 | Lair:4   | Lost mutation: Your tail ends in a poisonous barb. [potion of cure mutation]
 14991 | Lair:4   | Lost mutation: Your mind is acute. (Int +2) [potion of cure mutation]
 14991 | Lair:4   | Lost mutation: Your spells are a little easier to cast, but a little less powerful. [potion of cure mutation]
 14991 | Lair:4   | Lost mutation: You tend to lose your temper in combat. [potion of cure mutation]
 16309 | Lair:5   | Reached skill level 10 in Stealth
 16627 | Lair:6   | Reached skill level 1 in Invocations
 16704 | Lair:6   | Reached skill level 1 in Charms
 16709 | Lair:6   | Reached skill level 1 in Air Magic
 16819 | Lair:6   | Found a staircase to the Shoals.
 16926 | Lair:6   | Noticed Kirke
 16978 | Lair:6   | Slain by a manticore

Vault maps used:
D:1:      evilmike_arrival_plus
D:2:      lemuel_round_altar, lemuel_crystal_altar, fedhas_altar_fruit_tree
D:3:      first_bread
D:4:      kennysheep_the_goblin_king, serial_shops, shop, kennysheep_mini, shop,
          shop, shop, uniq_eustachio, uniq_blork_the_orc
D:5:      led_xom_imps
D:6:      grunt_temple_overflow_bloody_war, old_standard_altar, minitemple,
          minmay_temple_entry_large_hall, basic_altar, st_stairs_2
D:7:      zin_scriptorium, slow_altar_1, the_bakery, uniq_menkaure, uniq_joseph
D:8:      grunt_dithmenos_smoke, serial_shops, nicolae_shop_overgrown_old_shop,
          nemelex_diamond_rough_becter
D:10:     minmay_distorted_concentric_squares, erik_orc_1, grunt_ministairs_2
D:11:     david_lair_shrubbed, portal_ice_cave_entry_ice_beasts, uniq_maud
Temple:   circular_temple_6
Lair:1:   grunt_forest_large_clearings, uniq_grum
Lair:2:   minmay_hedge_maze, hangedman_lair_unloving_vines, uniq_gastronok
Lair:3:   minmay_snake_entry_guardpost_large, lab_entry_generic, minivault_11
Lair:4:   basic_altar, grunt_forest_large_clearing_hut, grunt_megastairs_4
Lair:5:   minmay_lair_oklob_bushes, grunt_megastairs_3, lemuel_fruit_fields,
          lemuel_fruit_fields
Lair:6:   shoals_dummy_entry, special_room, serial_bayou_shore_a,
          infiniplex_staircase_pool, grunt_megastairs_1, uniq_kirke

Skill      XL: |  1  2  3  4  5  6  7  8  9 10 11 12 13 |
---------------+----------------------------------------+-----
Ice Magic      | 4 11 13 | 13.3
Shields        | 1 3 5 6 8 9 |  9.2
Fighting       | 5 8 |  8.0
Spellcasting   | 5 7 |  7.3
Dodging        | 2 8 10 | 10.1
Stealth        | 3 10 | 10.1
Invocations    | 1 |  1.5
Charms         | 2 |  2.0
Air Magic      | 1 |  1.7
Conjurations   | |  1.0

Action                   |  1- 3 |  4- 6 |  7- 9 | 10-12 | 13-15 || total
-------------------------+-------+-------+-------+-------+-------++-------
Melee: Dagger            |   160 |       |       |       |       ||   160
       Tailslap          |    16 |    12 |    41 |   224 |   145 ||   438
       Long sword        |       |    85 |   324 |   252 |       ||   661
       Demon whip        |       |       |       |   614 |   507 ||  1121
       Unarmed           |       |       |       |       |     6 ||     6
 Cast: Freeze            |    11 |    22 |    18 |   118 |       ||   169
       Ozocubu's Armour  |       |     1 |    10 |    33 |    18 ||    62
Invok: Bend Time         |       |       |       |     1 |       ||     1
Evoke: Whip              |       |     3 |       |       |       ||     3
       Club              |       |       |     2 |       |       ||     2
  Use: Potion            |       |       |     8 |     4 |     4 ||    16
       Scroll            |       |       |       |    25 |     6 ||    31
 Stab: Sleeping          |     5 |       |     2 |     8 |     9 ||    24
       Distracted        |       |     1 |       |     3 |     1 ||     5
       Confused          |       |       |       |     2 |       ||     2
  Eat: Chunk             |     3 |     7 |    14 |    10 |     7 ||    41
       Beef jerky        |       |     1 |     1 |       |       ||     2
       Bread ration      |       |       |     1 |       |       ||     1
       Fruit             |       |       |     1 |       |       ||     1
       Pizza             |       |       |       |     1 |     1 ||     2
       Royal jelly       |       |       |       |     1 |       ||     1
Armor: Skin              |    53 |    43 |   168 |   327 |   149 ||   740
Dodge: Dodged            |   102 |   100 |   218 |   951 |   641 ||  2012
Block: Shield            |    20 |       |   189 |  1257 |   658 ||  2124
       Buckler           |       |    30 |    45 |       |       ||    75
